 Dungeon Crawl Stone Soup version 0.13-a0-2202-g857913d (webtiles) character file.

440 M4edhros the Sneak (level 6, -1/41 HPs)
             Began as an Octopode Death Knight on July 2, 2013.
             Was a Believer of Yredelemnul.
             Slain by a phantom (3 damage)
             ... on Level 4 of the Dungeon.
             The game lasted 00:09:08 (3514 turns).

M4edhros the Sneak (Octopode Death Knight)          Turns: 3514, Time: 00:09:08

HP  -1/41        AC  1     Str 12      XL: 6   Next: 31%
MP  10/10        EV 12     Int 20      God: Yredelemnul [**....]
Gold 152         SH  0     Dex  9 (12) Spells:  0 memorised,  5 levels left

Res.Fire  : . . .   See Invis. : .   a - +2,+1 spear {=f}
Res.Cold  : . . .   Warding    : .   (no shield)
Life Prot.: . . .   Conserve   : .   (helmet restricted)
Res.Poison: .       Res.Corr.  : .   (no amulet)
Res.Elec. : .       Clarity    : .   (no ring)
Sust.Abil.: . .     Spirit.Shd : .   (no ring)
Res.Mut.  : .       Stasis     : .   (no ring)
Res.Rott. : .       Flight     : .   (no ring)
Saprovore : . . .                    (no ring)
                                     (no ring)
                                     (no ring)
                                     (no ring)

@: brilliant, slightly resistant to hostile enchantments, quite stealthy
A: almost no armour, amphibious, 8 rings, constrict 8, camouflage 1, AC +1
a: Animate Remains, Recall Undead Slaves, Injury Mirror, Renounce Religion


You were on level 4 of the Dungeon.
You worshipped Yredelemnul.
Yredelemnul was greatly pleased with you.
You were hungry.

You visited 1 branch of the dungeon, and saw 4 of its levels.

You collected 132 gold pieces.

Inventory:

Hand weapons
 a - a +2,+1 spear (weapon) {=f}
 t - a +1,+1 sling
 w - a +1,+1 orcish short sword of protection
Magical devices
 u - a wand of polymorph (4) {unknown}
Comestibles
 c - a bread ration
 f - a meat ration
 h - an apple
 i - 24 strawberries
 j - 3 pears
 k - 2 chokos
 o - an apricot
 v - a rotting chunk of orc flesh
Scrolls
 e - a scroll of remove curse
 g - 2 scrolls of identify
 l - a scroll of curse weapon
 m - 2 scrolls of amnesia
 q - a scroll of recharging {unknown}
 r - a scroll of enchant weapon II {unknown}
Jewellery
 p - an uncursed ring of teleportation


   Skills:
 - Level 2.8 Fighting
 + Level 0.0 Short Blades
 - Level 3.5 Polearms
 - Level 2.6 Dodging
 + Level 4.8 Stealth
 - Level 0.4 Traps
 - Level 3.9 Invocations


You had 5 spell levels left.
You didn't know any spells.

Dungeon Overview and Level Annotations

Branches:
Dungeon (4/27)
 Temple: D:4-7

Altars:
Okawaru


Innate Abilities, Weirdness & Mutations

You cannot wear most types of armour.
You are amphibious.
You can wear up to eight rings at the same time.
You can use your tentacles to constrict many enemies at once.
Your skin changes colour to match your surroundings (Stlth).
Your rubbery body absorbs attacks (AC +1).


Message History

The phantom hits you!
* * * LOW HITPOINT WARNING * * *
Drink which item? (? for menu, Esc to quit)
You feel better. The phantom hits you!
* * * LOW HITPOINT WARNING * * *
You barely miss the phantom.
The phantom is almost destroyed.
The phantom barely misses you.
You hit the phantom but do no damage.
The phantom is almost destroyed.
The phantom hits you.
* * * LOW HITPOINT WARNING * * *
The phantom blinks!
You barely miss the phantom.
The phantom is almost destroyed.
You hit the phantom.
The phantom is almost destroyed.
The phantom hits you.
You die...
Your body rises from the dead as a mindless zombie.

#.# #.# #. #.#
#.##.# #. #.#
#.##.# #.
#######.###.##.# #.
#........##.##.####
#..................
#........##.##.####
#........##[##.#
#.@......##.##.#
#p.......##)##.####
#).......##........
#>.......#####.####
########## #.# #.#
#.# #.# #.#


You could see a phantom.

Vanquished Creatures
  A giant frog skeleton (D:4)
  A hound (D:4)
  An orc wizard (D:4)
  An orc priest (D:4)
  4 gnolls
  2 adders
  3 giant geckos
  An ooze (D:1)
  2 orcs (D:4)
  3 bats
  4 giant cockroaches
  6 hobgoblins
  8 kobolds
  A quokka (D:3)
  5 giant newts
  8 goblins
  6 jackals (D:2)
  6 rats
  A rat skeleton (D:3)
64 creatures vanquished.

Vanquished Creatures (collateral kills)
  2 adders (D:3)
  2 gnolls (D:4)
  A giant eyeball (D:4)
  A rat (D:3)
6 creatures vanquished.

Vanquished Creatures (others)
  A hound zombie (D:4)
  2 orc zombies (D:4)
  2 gnoll zombies
5 creatures vanquished.

Grand Total: 75 creatures vanquished

Notes
Turn   | Place    | Note
--------------------------------------------------------------
     0 | D:1      | M4edhros, the Octopode Death Knight, began the quest for the Orb.
     0 | D:1      | Reached XP level 1. HP: 14/14 MP: 2/2
   478 | D:1      | Reached XP level 2. HP: 6/19 MP: 4/4
   863 | D:2      | Reached skill level 1 in Stealth
   863 | D:2      | Reached XP level 3. HP: 7/24 MP: 5/5
  1149 | D:2      | Acquired Yredelemnul's second power
  1635 | D:3      | Reached XP level 4. HP: 21/30 MP: 7/7
  2285 | D:3      | Reached XP level 5. HP: 14/35 MP: 9/9
  2902 | D:4      | Noticed a phantom
  2943 | D:4      | Found an iron altar of Okawaru.
  2968 | D:4      | Reached skill level 4 in Stealth
  3187 | D:4      | Reached XP level 6. HP: 29/41 MP: 10/10
  3509 | D:4      | HP: 1/41 [phantom (9)]
  3514 | D:4      | Slain by a phantom

Action                   |  1- 3 |  4- 6 || total
-------------------------+-------+-------++-------
Melee: Spear             |    82 |   114 ||   196
       Short sword       |       |    13 ||    13
Throw: Spear             |       |     1 ||     1
Invok: Animate Remains   |       |     7 ||     7
Evoke: Wand              |       |     1 ||     1
  Use: Potion            |     3 |     7 ||    10
       Scroll            |       |     7 ||     7
 Stab: Sleeping          |     6 |     2 ||     8
